 Dungeon Crawl Stone Soup version 0.19.1 (webtiles) character file.

264 Darkmans the Covert (level 5, -2/25 HPs)
             Began as a Spriggan Assassin on Dec 21, 2016.
             Splashed by a jelly's acid (7 damage)
             ... on level 5 of the Dungeon.
             The game lasted 00:10:11 (3292 turns).

Darkmans the Covert (Spriggan Assassin)             Turns: 3292, Time: 00:10:12

Health: -2/25      AC: -1    Str:  9    XL:     5   Next: 98%
Magic:  6/6        EV: 17    Int: 13    God:
Gold:   247        SH:  0    Dex: 18    Spells: 0 memorised, 4 levels left

rFire  . . .     SeeInvis +     h - +1 dagger (elec)
rCold  . . .     Gourm    .     c - +0 robe
rNeg   . . .     Faith    .     (shield restricted)
rPois  .         Spirit   .     (helmet restricted)
rElec  .         Reflect  .     u - +0 cloak
rCorr  .         Harm     .     (gloves unavailable)
MR     .....                    (boots unavailable)
Stlth  ++++......               k - amulet of regeneration
                                (no ring)
                                d - +2 ring of strength

@: corroded, very quick
A: unfitting armour, see invisible, herbivore 3, speed 3, slow metabolism 2
a: no special abilities


You were on level 5 of the Dungeon.
You were not hungry.

You visited 1 branch of the dungeon, and saw 5 of its levels.

You collected 247 gold pieces.

Inventory:

Hand Weapons
 b - a +0 blowgun
 h - a +1 dagger of electrocution (weapon)
Missiles
 e - 8 poisoned needles
 f - 2 curare-tipped needles
Armour
 c - a +0 robe (worn)
 u - a +0 cloak (worn)
Jewellery
 d - a +2 ring of strength (left hand)
 k - an amulet of regeneration (around neck)
Scrolls
 r - a scroll of remove curse
 s - a scroll of noise {unknown}
 t - a scroll of recharging {unknown}
 w - a scroll of blinking {unknown}
Potions
 a - a potion of flight {unknown}
 j - a potion of might {unknown}
 l - a potion of brilliance {unknown}
 m - a potion of mutation {unknown}
 n - a potion of resistance {unknown}
 o - a potion of haste
 p - a potion of cure mutation
 v - 2 potions of lignification {unknown}
Books
 i - a book of the Dragon

   Spells                             Type                      Level
   a - Flame Tongue                   Conjuration/Fire             1
   b - Cause Fear                     Hexes                        4
   c - Bolt of Fire                   Conjuration/Fire             6
   d - Dragon Form                    Transmutation                7
   e - Dragon's Call                  Summoning                    9
Comestibles
 g - 4 bread rations


   Skills:
 - Level 1.5 Fighting
 + Level 5.3 Short Blades
 - Level 2.0 Throwing
 - Level 1.5 Dodging
 + Level 8.6 Stealth


You had 4 spell levels left.
You didn't know any spells.

Dungeon Overview and Level Annotations

Branches:
Dungeon (5/15)             Temple (0/1) D:5

Altars:
Fedhas
Okawaru
Sif Muna


Innate Abilities, Weirdness & Mutations

You are very small and have problems with some larger weapons.
You are too small for most types of armour.
You have supernaturally acute eyesight. (SInv)
You are a herbivore.
You cover ground extremely quickly.
You need consume almost no food.


Message History

Okay, then.
The jelly hits you.
You are splashed with acid!
The acid burns!
You see here a flail.
The jelly closely misses you. The jelly completely misses you.
You hit the jelly.
Your hands burn!
The jelly is moderately wounded.
The jelly hits you.
You are splashed with acid!
The acid burns!
You hit the jelly. The acid corrodes you!
Your hands burn!
* * * LOW HITPOINT WARNING * * *
The jelly is heavily wounded.
As you read the scroll labeled GOGENU JINWOKK, it crumbles to dust.
You feel blessed for a moment.
It was a scroll of remove curse.
The jelly misses you.
As you read the scroll labeled CUGGIROQAT, it crumbles to dust.
You feel aware of your surroundings.
You sensed 1 shop/portal.
It was a scroll of magic mapping.
The jelly hits you.
* * * LOW HITPOINT WARNING * * *
You are splashed with acid!
The acid burns!
You die...

### #.# ###########.#
#)..........# #.######.##J#
#.# #.##@# #.# #*#.#### #.#
#≈#'#≈# ## #.# #_..._# .#
#.# #######***********
.#####.# *,*,,,,,,,,,*
.#...#.########*,*,*******,*
.#.#.#.........,,*,* ****,*
.#.#.#.........,,*,* *,,,,*


You could see a jelly.

Vanquished Creatures
  A crimson imp (D:5)
  An orc priest (D:3)
  A bullfrog skeleton (D:4)
  A centaur skeleton (D:4)
  A worker ant (D:5)
  A hound skeleton (D:4)
  An adder (D:2)
  An ooze (D:5)
  2 worms
  3 leopard geckos
  3 orcs (D:3)
  4 giant cockroaches
  14 goblins
  6 hobgoblins
  10 jackals
  2 quokkas (D:4)
  9 bats
  7 frilled lizards
  6 kobolds
  A quokka skeleton (D:4)
  5 rats
80 creatures vanquished.

Notes
Turn   | Place    | Note
-------+----------+-------------------------------------------
     0 | D:1      | Darkmans the Spriggan Assassin began the quest for the Orb.
     0 | D:1      | Reached XP level 1. HP: 10/10 MP: 2/2
    38 | D:1      | Reached skill level 6 in Stealth
   165 | D:1      | Reached XP level 2. HP: 10/14 MP: 3/3
   719 | D:1      | Reached XP level 3. HP: 18/18 MP: 4/4
  1209 | D:2      | Found a deep blue altar of Sif Muna.
  1372 | D:2      | Reached skill level 7 in Stealth
  1806 | D:3      | Reached XP level 4. HP: 22/22 MP: 5/5
  1807 | D:3      | Found a faded altar of an unknown god.
  2505 | D:4      | Reached XP level 5. HP: 25/25 MP: 6/6
  2584 | D:4      | Reached skill level 8 in Stealth
  3165 | D:5      | Entered Level 5 of the Dungeon
  3167 | D:5      | Reached skill level 5 in Short Blades
  3229 | D:5      | Found a blossoming altar of Fedhas.
  3229 | D:5      | Found an iron altar of Okawaru.
  3292 | D:5      | Splashed by a jelly's acid

Skill      XL: |  1  2  3  4  5 |
---------------+----------------+-----
Stealth        | 6 7 8 |  8.6
Short Blades   | 3 4 5 |  5.3
Fighting       | |  1.5
Throwing       | |  2.0
Dodging        | |  1.5

Action                   |  1- 3 |  4- 6 || total
-------------------------+-------+-------++-------
Melee: Dagger            |    95 |    83 ||   178
  Use: Scroll            |     2 |     5 ||     7
 Stab: Sleeping          |    23 |    12 ||    35
       Distracted        |     1 |     1 ||     2
Armor: Robe              |    14 |    12 ||    26
Dodge: Dodged            |    58 |    74 ||   132
